 Dungeon Crawl Stone Soup version 0.18.1-6-gd335043 (webtiles) character file.

114 Mefis the Magician (level 4, -6/24 HPs)
             Began as a Deep Elf Wizard on May 17, 2016.
             Killed by divine providence
             ... invoked by an orc priest
              (9 damage)
             ... on level 3 of the Dungeon.
             The game lasted 00:06:40 (2599 turns).

Mefis the Magician (Deep Elf Wizard)                Turns: 2599, Time: 00:06:40

Health: -6/24      AC:  2    Str:  4    XL:     4   Next: 67%
Magic:  9/13       EV: 13    Int: 24    God:
Gold:   59         SH:  0    Dex: 13    Spells: 6 memorised, 0 levels left

rFire  . . .     SeeInvis .     h - +2 dagger (vamp)
rCold  . . .     Gourm    .     a - +0 robe
rNeg   . . .     Faith    .     (no shield)
rPois  .         Spirit   .     b - +0 hat
rElec  .         Dismiss  .     (no cloak)
rCorr  .         Reflect  .     (no gloves)
SustAt .         Harm     .     (no boots)
MR     .....                    (no amulet)
Stlth  ++........               (no ring)
                                (no ring)

@: repel missiles, not resistant to hostile enchantments, unstealthy
A: no striking features
a: no special abilities


You were on level 3 of the Dungeon.
You were not hungry.

You visited 1 branch of the dungeon, and saw 3 of its levels.

You collected 59 gold pieces.

Inventory:

Hand Weapons
 f - a -1 dagger
 h - a +2 vampiric dagger (weapon)
 s - a +0 hunting sling
Armour
 a - a +0 robe (worn)
 b - a +0 hat (worn)
 n - a +0 buckler
Jewellery
 l - an uncursed ring of wizardry {unknown}
 q - a +2 ring of intelligence {unknown}
Wands
 t - a wand of slowing (19/48)
Scrolls
 e - 2 scrolls of remove curse
 g - a scroll of teleportation {unknown}
 k - a scroll of fog {unknown}
 m - a scroll of identify {unknown}
 r - a scroll of immolation {unknown}
Potions
 i - a potion of berserk rage {unknown}
 o - a potion of magic {unknown}
Books
 c - a book of Minor Magic

   Spells                             Type                      Level
   a - Magic Dart                     Conjuration                  1
   b - Blink                          Translocation                2
   c - Call Imp                       Summoning                    2
   d - Repel Missiles                 Charms/Air                   2
   e - Slow                           Hexes                        2
   f - Conjure Flame                  Conjuration/Fire             3
   g - Mephitic Cloud                 Conjuration/Poison/Air       3
Comestibles
 j - 2 beef jerkies
 p - a meat ration
 u - a chunk of flesh


   Skills:
 + Level 2.9 Dodging
 + Level 3.3 Stealth
 + Level 0.2 Shields
 + Level 5.2 Spellcasting
 * Level 3.0 Conjurations
 + Level 1.2 Summonings
 - Level 1.1 Translocations
 + Level 0.2 Fire Magic
 + Level 1.1 Air Magic
 + Level 0.2 Poison Magic


You couldn't memorise any spells.
You knew the following spells:

 Your Spells              Type           Power        Failure   Level  Hunger
a - Magic Dart            Conj           ###.         2%          1    None
b - Call Imp              Summ           ##......     10%         2    None
c - Blink                 Tloc           N/A          12%         2    None
d - Repel Missiles        Chrm/Air       #.....       12%         2    None
e - Mephitic Cloud        Conj/Pois/Air  ##......     17%         3    ##.....
f - Conjure Flame         Conj/Fire      ##......     17%         3    ##.....


Dungeon Overview and Level Annotations

Branches:
Dungeon (3/15)

Altars:
Vehumet

Annotations:
D:3 Sigmund


Message History

Press: ? - help, Shift-Dir - straight line, f/p - orc priest
Aim: an orc priest, wielding a dagger (severely wounded)
The magic dart hits the orc priest.
The orc priest is almost dead.
The orc priest hits you but does no damage.
The orc priest calls upon Beogh to heal the orc priest.
The orc priest is healed somewhat.
The orc priest mumbles some strange prayers to Beogh against you.
Beogh smites you!
Ouch! That really hurt!
* * * LOW HITPOINT WARNING * * *
Things that are here:
a dagger; a robe Sigmund casts a spell.
Sigmund flickers and vanishes!
Deactivating autopickup; reactivate with Ctrl-A.
The orc priest miscasts a cantrip.
The orc priest calls down the wrath of Beogh upon you.
Beogh smites you!
You die...

#o#####
#.#...#
#.#.#.#
#o#.#.#
#.#.#.#
#.#<#.#
#o###.#
#.#...#
#@#.####
#.#....#
#.####.#
#.# #.#
#.# #.#
#.# #.#
#.# #.#
#.# #.#
#.####.#


You could see an orc priest and an orc.

Vanquished Creatures
  Jessica (D:3)
  Terence (D:2)
  2 worms (D:2)
  A giant gecko (D:1)
  An orc (D:3)
  6 bats
  5 giant cockroaches
  6 goblins
  8 hobgoblins
  6 jackals (D:1)
  5 kobolds
  3 giant newts
  4 rats
49 creatures vanquished.

Notes
Turn   | Place    | Note
--------------------------------------------------------------
     0 | D:1      | Mefis the Deep Elf Wizard began the quest for the Orb.
     0 | D:1      | Reached XP level 1. HP: 10/10 MP: 7/7
     2 | D:1      | Noticed a troll
     2 | D:1      | Noticed a ghoul
     5 | D:1      | Noticed a merfolk
     5 | D:1      | Noticed a dwarf
     7 | D:1      | Noticed a spriggan
     7 | D:1      | Noticed an ogre
     9 | D:1      | Noticed a demigod
     9 | D:1      | Noticed a halfling
    11 | D:1      | Noticed a naga
    13 | D:1      | Noticed a centaur
    13 | D:1      | Noticed a vine stalker
    15 | D:1      | Noticed a human
    15 | D:1      | Noticed a tengu
    17 | D:1      | Noticed a felid
    17 | D:1      | Noticed an elf
    19 | D:1      | Noticed a minotaur
    21 | D:1      | Noticed an octopode
    23 | D:1      | Noticed a vampire
    23 | D:1      | Noticed a demonspawn
    25 | D:1      | Noticed a draconian
    25 | D:1      | Noticed a gargoyle
    27 | D:1      | Noticed a formicid
   253 | D:1      | Reached XP level 2. HP: 15/15 MP: 3/9
   261 | D:1      | Learned a level 2 spell: Call Imp
   264 | D:1      | Learned a level 2 spell: Blink
   267 | D:1      | Learned a level 2 spell: Repel Missiles
  1128 | D:1      | Reached XP level 3. HP: 19/19 MP: 6/11
  2076 | D:2      | Reached skill level 1 in Air Magic
  2133 | D:2      | Noticed Terence
  2139 | D:2      | Learned a level 3 spell: Mephitic Cloud
  2207 | D:2      | Killed Terence
  2207 | D:2      | Reached skill level 5 in Spellcasting
  2207 | D:2      | Reached XP level 4. HP: 17/24 MP: 9/13
  2212 | D:2      | Learned a level 3 spell: Conjure Flame
  2512 | D:3      | Noticed Jessica
  2518 | D:3      | Killed Jessica
  2573 | D:3      | Found a radiant altar of Vehumet.
  2580 | D:3      | Noticed Sigmund
  2599 | D:3      | Killed from afar by an orc priest

Skill      XL: |  1  2  3  4 |
---------------+-------------+-----
Conjurations   | 2 3 |  3.0
Stealth        | 3 |  3.3
Air Magic      | 1 |  1.1
Spellcasting   | 5 |  5.2
Dodging        | |  2.9
Shields        | |  0.2
Summonings     | |  1.2
Translocations | |  1.1
Fire Magic     | |  0.2
Poison Magic   | |  0.2

Action                   |  1- 3 |  4- 6 || total
-------------------------+-------+-------++-------
Melee: Dagger            |    56 |       ||    56
 Cast: Magic Dart        |   115 |    13 ||   128
       Repel Missiles    |     1 |       ||     1
       Mephitic Cloud    |     2 |       ||     2
  Use: Scroll            |       |     1 ||     1
 Stab: Sleeping          |     2 |       ||     2
       Confused          |     1 |       ||     1
  Eat: Chunk             |     3 |     2 ||     5
       Bread ration      |       |     1 ||     1
Armor: Robe              |     8 |     1 ||     9
Dodge: Dodged            |    42 |     1 ||    43
